 Dungeon Crawl Stone Soup version 0.18-a0-1064-gd132116 (webtiles) character file.

879 tehphobia the Thaumaturge (level 7, -4/36 HPs)
             Began as a Deep Elf Wizard on Jan 12, 2016.
             Slain by a hound (6 damage)
             ... on level 7 of the Dungeon.
             The game lasted 00:13:32 (5640 turns).

tehphobia the Thaumaturge (Deep Elf Wizard)         Turns: 5640, Time: 00:13:32

Health: -4/36      AC:  2    Str:  4      XL:     7   Next: 75%
Magic:  17/20      EV: 13    Int: 25      God:
Gold:   296        SH:  0    Dex:  6 (13) Spells: 1 memorised, 21 levels left

rFire  . . .     SeeInvis .     s - +0 dagger (speed)
rCold  . . .     Gourm    .     a - +0 robe
rNeg   + . .     Faith    .     (no shield)
rPois  .         Spirit   .     b - +0 hat
rElec  .         Dismiss  .     (no cloak)
rCorr  .         Reflect  .     (no gloves)
SustAt .         Harm     .     (no boots)
MR     .....                    (no amulet)
Stlth  ++........               (no ring)
                                p - ring of positive energy

@: not resistant to hostile enchantments, unstealthy
A: no striking features
a: no special abilities


You were on level 7 of the Dungeon.
You were not hungry.

You visited 2 branches of the dungeon, and saw 8 of its levels.

You collected 296 gold pieces.

Inventory:

Hand Weapons
 s - a +0 dagger of speed (weapon)
Armour
 a - a +0 robe (worn)
 b - a +0 hat (worn)
Jewellery
 p - a ring of positive energy (left hand)
 r - an uncursed ring of loudness
Scrolls
 e - 4 scrolls of remove curse
 g - 7 scrolls of identify {unknown}
 n - a scroll of random uselessness {unknown}
 q - 3 scrolls of immolation {unknown}
 u - 3 scrolls of teleportation {unknown}
 w - a scroll of blinking {unknown}
Potions
 h - 2 potions of agility
 i - a potion of might {unknown}
 j - 3 potions of heal wounds
 k - 2 potions of flight {unknown}
 l - 2 potions of poison {unknown}
 m - 4 potions of curing {unknown}
 o - 3 potions of resistance {unknown}
 t - 2 potions of degeneration {unknown}
Books
 c - a book of Minor Magic

   Spells                             Type                      Level
   a - Magic Dart                     Conjuration                  1
   b - Blink                          Translocation                2
   c - Call Imp                       Summoning                    2
   d - Repel Missiles                 Charms/Air                   2
   e - Slow                           Hexes                        2
   f - Conjure Flame                  Conjuration/Fire             3
   g - Mephitic Cloud                 Conjuration/Poison/Air       3
 v - a book of Battle

   Spells                             Type                      Level
   a - Infusion                       Charms                       1
   b - Shroud of Golubria             Charms/Translocation         2
   c - Song of Slaying                Charms                       2
   d - Spectral Weapon                Hexes/Charms                 3
   e - Regeneration                   Charms/Necromancy            3
Comestibles
 d - 7 bread rations
 f - 2 meat rations


   Skills:
 + Level 6.4 Dodging
 - Level 2.4 Stealth
 + Level 8.3 Spellcasting
 + Level 5.3 Conjurations
   Level 1.1 Summonings
   Level 1.1 Translocations


You had 21 spell levels left.
You knew the following spells:

 Your Spells              Type           Power        Failure   Level  Hunger
a - Magic Dart            Conj           ####         1%          1    None


Dungeon Overview and Level Annotations

Branches:
Dungeon (7/15)             Temple (1/1) D:4

Altars:
Ashenzari
Cheibriados
Dithmenos
Fedhas
Gozag
Okawaru
Pakellas
Qazlal
Yredelemnul
Zin
The Shining One


Message History

You easily resist.
There is a stone staircase leading up, spattered with blood here.
You climb upwards.
A giant gecko and a worker ant come into view.
The giant frog croaks.
The hound barely misses you. The iguana barely misses you.
The hound closely misses you. The sky beast misses you.
The jelly hits you but does no damage. The orc misses you.
The iguana closely misses you.
There is a stone staircase leading down here.
The hound barely misses you. The sky beast completely misses you.
The jelly hits you.
You are splashed with acid!
The acid burns!
The orc hits you with a trident!
* * * LOW HITPOINT WARNING * * *
The hound barely misses you.
The iguana bites you but does no damage.
You climb downwards.
The orc misses you.
There is a stone staircase leading up, spattered with blood here.
The hound bites you.
You die...

.................
..................
..................
...............†..
..................
..................
......o...........
......oJo.........
#....l@h.........
#.####Y#.#...#.##
.....#.#.#.#
#.......#....
###########.# ..


You could see a sky beast, an iguana, a hound, a jelly, an orc wizard and 2
orcs.

Vanquished Creatures
  The ghost of tehphobia the Magician, an amateur DEWz (D:5)
  Eustachio (D:4)
  3 hounds
  A quasit (D:7)
  2 orc wizards (D:5)
  An orc priest (D:5)
  A centaur skeleton (D:5)
  Jessica (D:3)
  An iguana (D:4)
  2 worker ants (D:4)
  A hound zombie (D:7)
  A hound skeleton (D:7)
  7 gnolls
  7 adders
  4 worms
  6 orcs
  A ball python (D:2)
  5 giant cockroaches
  5 goblins
  9 hobgoblins
  3 jackals (D:3)
  10 kobolds
  4 quokkas
  7 bats
  7 giant newts
  6 rats
97 creatures vanquished.

Vanquished Creatures (others)
  A wasp (D:4)
1 creature vanquished.

Grand Total: 98 creatures vanquished

Notes
Turn   | Place    | Note
--------------------------------------------------------------
     0 | D:1      | tehphobia the Deep Elf Wizard began the quest for the Orb.
     0 | D:1      | Reached XP level 1. HP: 10/10 MP: 7/7
   171 | D:1      | Reached skill level 5 in Spellcasting
   250 | D:1      | Reached XP level 2. HP: 15/15 MP: 7/10
  1046 | D:2      | Reached XP level 3. HP: 19/19 MP: 3/11
  1931 | D:3      | Reached XP level 4. HP: 24/24 MP: 9/13
  2127 | D:3      | Found a stormy altar of Qazlal.
  2162 | D:3      | Reached skill level 6 in Spellcasting
  2226 | D:3      | Noticed Jessica
  2229 | D:3      | Killed Jessica
  2342 | D:3      | You fall through a shaft!
  2355 | D:4      | Reached XP level 5. HP: 12/28 MP: 5/15
  3498 | D:4      | Found an oddly glowing altar of Pakellas.
  3498 | D:4      | Noticed an orange crystal statue
  3499 | D:4      | Noticed a wasp
  3505 | D:4      | Killed a wasp
  3707 | D:4      | Reached XP level 6. HP: 28/32 MP: 8/17
  3749 | D:4      | Found a staircase to the Ecumenical Temple.
  3783 | D:4      | Noticed Eustachio
  3800 | Temple   | Entered the Ecumenical Temple
  3860 | D:4      | Killed Eustachio
  3860 | D:4      | Reached skill level 5 in Dodging
  3860 | D:4      | Reached skill level 7 in Spellcasting
  4352 | D:5      | Entered Level 5 of the Dungeon
  4449 | D:5      | Found a snail-covered altar of Cheibriados.
  4461 | D:5      | Reached XP level 7. HP: 34/36 MP: 14/19
  4555 | D:5      | Noticed tehphobia's ghost (amateur DEWz)
  4568 | D:5      | Killed tehphobia's ghost
  4568 | D:5      | Reached skill level 5 in Conjurations
  4689 | D:5      | Reached skill level 8 in Spellcasting
  5640 | D:7      | Slain by a hound

Vault maps used:
D:1:      dpeg_arrival_renting
D:3:      grunt_qazlal_sundering, uniq_jessica
D:4:      minmay_temple_entry_statues_pillars,
          gammafunk_pakellas_statue_experiment, uniq_eustachio
D:5:      old_standard_altar, first_bread
D:6:      hangedman_cross_stitches, due_unseen_surprise
D:7:      nicolae_overflow_hidden_temple, nicolae_ru_awakened_eye, serial_shops,
          nicolae_shop_crystal
Temple:   dpeg_three_leaves_temple_9

Action                   |  1- 3 |  4- 6 |  7- 9 || total
-------------------------+-------+-------+-------++-------
 Cast: Magic Dart        |    95 |   147 |    79 ||   321
  Use: Potion            |       |     2 |       ||     2
       Scroll            |       |     1 |       ||     1
  Eat: Chunk             |     2 |     8 |     1 ||    11
       Meat ration       |       |       |     1 ||     1
